 Dungeon Crawl Stone Soup version 0.27.1 (webtiles) character file.

Game seed: 9607150964983571170

3 hawla the Sneak (level 1, -6/13 HPs)
             Began as a Deep Elf Delver on Sept 2, 2021.
             Mangled by a kobold (13 damage)
             ... on level 4 of the Dungeon.
             The game lasted 00:00:36 (193 turns).

hawla the Sneak (Deep Elf Delver)                    Turns: 193, Time: 00:00:36

Health: -6/13      AC:  3    Str:  9    XL:     1   Next: 41%
Magic:  3/3        EV: 12    Int: 14    God:
Gold:   0          SH:  0    Dex: 16    Spells: 0/0 levels left

rFire    . . .     SeeInvis .   a - +0 short sword
rCold    . . .     Faith    .   (no shield)
rNeg     . . .     Spirit   .   b - +0 leather armour
rPois    .         Reflect  .   (no helmet)
rElec    .         Harm     .   (no cloak)
rCorr    .         Rampage  .   (no gloves)
Will     .....                  (no boots)
Stlth    +++.......             (no amulet)
HPRegen  0.04/turn              (no ring)
MPRegen  0.08/turn              (no ring)

@: no status effects
A: no striking features
a: no special abilities


You were on level 4 of the Dungeon.
You visited 1 branch of the dungeon, and saw 2 of its levels.

Inventory:

Hand Weapons
 a - a +0 short sword (weapon)
Armour
 b - a +0 leather armour (worn)
Wands
 g - a wand of digging (3)
Scrolls
 c - a scroll of fog
 d - a scroll of magic mapping
 e - a scroll of fear
Potions
 f - a potion of haste


   Skills:
 + Level 2.4 Fighting
 + Level 2.0 Short Blades
 + Level 2.4 Dodging
 + Level 6.1 Stealth


You couldn't memorise any spells.
You didn't know any spells.
Your spell library was empty.

Dungeon Overview and Level Annotations

Branches:
Dungeon (5/15)
 Temple: D:4-7

Altars:


Message History

The hobgoblin misses you.
You hit the hobgoblin but do no damage. The hobgoblin closely misses you.
You completely miss the hobgoblin. The hobgoblin barely misses you.
You hit the hobgoblin but do no damage. The hobgoblin hits you.
You hit the hobgoblin but do no damage. The hobgoblin closely misses you.
You barely miss the hobgoblin. The hobgoblin closely misses you.
You hit the hobgoblin.
The hobgoblin is severely wounded.
The hobgoblin hits you.
You hit the hobgoblin.
The hobgoblin is almost dead.
The hobgoblin hits you but does no damage.
You closely miss the hobgoblin.
The hobgoblin is almost dead.
The hobgoblin closely misses you.
You hit the hobgoblin.
You kill the hobgoblin!
You start resting.
You hear the slow rusting of a very distant drain.
You start resting.
You hear the slow rusting of a very distant drain.
You start resting.
A kobold comes into view.
It is wielding a +2 dagger of electrocution and quivering poisoned darts.
You closely miss the kobold.
The kobold shouts!
The kobold misses you.
You closely miss the kobold. The kobold barely misses you.
You hit the kobold but do no damage. The kobold completely misses you.
You hit the kobold but do no damage. The kobold barely misses you.
You hit the kobold but do no damage. The kobold hits you but does no damage.
You barely miss the kobold.
The kobold hits you with a +2 dagger of electrocution.
You hit the kobold but do no damage. The kobold completely misses you.
You hit the kobold but do no damage. The kobold barely misses you.
You hit the kobold but do no damage. The kobold barely misses you.
You hit the kobold.
The kobold is severely wounded.
The kobold hits you but does no damage.
You are electrocuted!
Ouch! That really hurt!
You die...

#.....###### #.###.# #.#
#.# ## #.###.# # ..
#.....# ## #. ##.#### ##.
#. #. #..## #..
##...#.#########...####...
.........@K†..........+...
#....#.#####.###.>.#.##...
##. #. #.# #..##.###.. ..
#.# #..##.##..# ### #.#
##.##.#..# #.# #.##...#
#.# #.##og# #.. .....#.
#.#..


You could see a kobold.

Vanquished Creatures
  An orc (D:4)
  A hobgoblin (D:4)
2 creatures vanquished.

Notes
Turn   | Place    | Note
-------+----------+-------------------------------------------
     0 | D:5      | hawla the Deep Elf Delver began the quest for the Orb.
     0 | D:5      | Reached XP level 1. HP: 13/13 MP: 3/3
   193 | D:4      | Mangled by a kobold

Illustrated notes

Levels and vault maps discovered:
D:4:      layout_loops_corners, minmay_temple_entry_glassed_door,
          cheibrodos_sewer_entry_bend, minmay_manual_mail
D:5:      layout_loops_ring, tgw_fedhas, minivault_27, uniq_menkaure

Action                   || total
-------------------------++-------
Melee: Short sword       ||    23
Armor: Leather armour    ||     3
Dodge: Dodged            ||    16
